 Dungeon Crawl Stone Soup version 0.19.1-1-g22dce08 (webtiles) character file.

55 dngmouse the Firebug (level 3, -9/19 HPs)
             Began as a Deep Elf Fire Elementalist on Jan 20, 2017.
             Mangled by Sigmund
             ... wielding a +0 scythe
              (10 damage)
             ... on level 2 of the Dungeon.
             The game lasted 00:08:31 (1871 turns).

dngmouse the Firebug (Deep Elf Fire Elementalist)   Turns: 1871, Time: 00:08:32

Health: -9/19      AC:  4    Str:  5    XL:     3   Next: 67%
Magic:  3/9        EV: 13    Int: 20    God:
Gold:   105        SH:  0    Dex: 15    Spells: 2 memorised, 4 levels left

rFire  . . .     SeeInvis .     d - +0 short sword
rCold  . . .     Gourm    .     a - +0 robe
rNeg   . . .     Faith    .     (no shield)
rPois  .         Spirit   .     j - +0 helmet
rElec  .         Reflect  .     (no cloak)
rCorr  .         Harm     .     (no gloves)
MR     .....                    (no boots)
Stlth  ++........               (no amulet)
                                (no ring)
                                (no ring)

@: no status effects
A: hooves 1, rugged brown scales 1, wild magic 1
a: no special abilities


You were on level 2 of the Dungeon.
You were very hungry.

You visited 1 branch of the dungeon, and saw 2 of its levels.

You collected 105 gold pieces.

Inventory:

Hand Weapons
 d - a +0 short sword (weapon)
 g - a +0 dagger
Armour
 a - a +0 robe (worn)
 j - a +0 helmet (worn)
Jewellery
 n - an uncursed amulet of faith {unknown}
Scrolls
 e - a scroll of noise {unknown}
 h - 2 scrolls of recharging {unknown}
 i - 2 scrolls of identify {unknown}
 k - a scroll of amnesia {unknown}
 l - 3 scrolls of immolation {unknown}
Potions
 m - a potion of heal wounds {unknown}
 o - a potion of lignification {unknown}
Books
 b - a book of Flames

   Spells                             Type                      Level
   a - Flame Tongue                   Conjuration/Fire             1
   b - Throw Flame                    Conjuration/Fire             2
   c - Conjure Flame                  Conjuration/Fire             3
   d - Inner Flame                    Hexes/Fire                   3
   e - Sticky Flame                   Conjuration/Fire             4
   f - Fireball                       Conjuration/Fire             5
Comestibles
 c - 2 bread rations


   Skills:
 - Level 2.4 Dodging
 - Level 2.4 Stealth
 - Level 3.0 Spellcasting
 + Level 2.4 Conjurations
 + Level 4.6 Fire Magic


You had 4 spell levels left.
You knew the following spells:

 Your Spells              Type           Power        Failure   Level  Hunger
a - Flame Tongue          Conj/Fire      ###..        6%          1    None
b - Conjure Flame         Conj/Fire      ###.....     17%         3    ###....


Dungeon Overview and Level Annotations

Branches:
Dungeon (2/15)

Altars:
Dithmenos

Annotations:
D:2 Sigmund


Innate Abilities, Weirdness & Mutations

You have large cloven feet.
You are partially covered in rugged brown scales. (AC +1, +3% HP)
Your spells are a little harder to cast, but a little more powerful.


Message History

Aim: Sigmund, wielding a scythe and wearing a robe (lightly wounded)
The flame tongue hits Sigmund.
Sigmund appears unharmed.
Sigmund is lightly wounded.
Sigmund casts a spell at you.
You are confused.
You bump into the rock wall.
Sigmund says, "Now you see me, now you don't..."
You bump into the rock wall.
Sigmund hits you with a scythe.
You bump into the rock wall.
Sigmund hits you with a scythe!
Ouch! That really hurt!
* * * LOW HITPOINT WARNING * * *
It was a potion of mutation.
You feel extremely strange.
Your feet thicken and deform.
You feel less in control of your magic.
Rugged brown scales grow over part of your body.
Unknown command.
You feel less confused.
Sigmund hits you from afar with a scythe!
Ouch! That really hurt!
You die...

############ #..........# #######
##.########.# #######......
...########.# #####.##.........
###...##....## #........##......
###...##.#...####.###.##.##......
..............@.@...........>....
###...##.#...####.######.##......
#........#...####.# #.....#...#
#....#............# #..##.#.#.#
#....#...@........#####...#.#.#..
#....#....................#.#.###
..................#..##...#.#....
#....#....#####.(.........#.#####
#....#....# #.....#<.#....#.#


You could see Sigmund.

Vanquished Creatures
  2 adders (D:2)
  An ooze (D:2)
  3 leopard geckos
  2 giant cockroaches (D:1)
  A goblin (D:1)
  4 hobgoblins
  3 bats
  2 frilled lizards (D:1)
  9 kobolds
  6 rats
33 creatures vanquished.

Notes
Turn   | Place    | Note
-------+----------+-------------------------------------------
     0 | D:1      | dngmouse the Deep Elf Fire Elementalist began the quest for the Orb.
     0 | D:1      | Reached XP level 1. HP: 10/10 MP: 6/6
   251 | D:1      | Reached XP level 2. HP: 15/15 MP: 8/8
   615 | D:1      | Reached skill level 4 in Fire Magic
   696 | D:2      | Reached XP level 3. HP: 10/19 MP: 7/9
   971 | D:2      | Found a shadowy altar of Dithmenos.
  1133 | D:2      | Learned a level 3 spell: Conjure Flame
  1277 | D:2      | Noticed Sigmund
  1870 | D:2      | Gained mutation: You have large cloven feet. [potion of mutation]
  1870 | D:2      | Gained mutation: Your spells are a little harder to cast, but a little more powerful. [potion of mutation]
  1870 | D:2      | Gained mutation: You are partially covered in rugged brown scales. (AC +1, +3% HP) [potion of mutation]
  1871 | D:2      | Mangled by Sigmund

Skill      XL: |  1  2 |
---------------+-------+-----
Fire Magic     | 4 |  4.6
Conjurations   | 2 |  2.4
Dodging        | |  2.4
Stealth        | |  2.4
Spellcasting   | |  3.0

Action                   || total
-------------------------++-------
Melee: Short sword       ||    27
 Cast: Flame Tongue      ||    47
       Conjure Flame     ||     3
  Use: Potion            ||     1
 Stab: Sleeping          ||     2
       Distracted        ||     1
  Eat: Chunk             ||     2
Armor: Robe              ||     9
Dodge: Dodged            ||    32
